 Dungeon Crawl Stone Soup version 0.28.0-45-g0d030f2227 (webtiles) character file.

Game seed: 2614946797716058387

296 Mesmaeker13 the Magician (level 6, 0/32 HPs)
             Began as a Deep Elf Earth Elementalist on May 9, 2022.
             Succumbed to a kobold's poison
             ... on level 4 of the Dungeon.
             The game lasted 00:06:57 (4037 turns).

Mesmaeker13 the Magician (DEEE)                     Turns: 4037, Time: 00:06:57

Health: 0/32       AC:  8    Str:  5    XL:     6   Next: 12%
Magic:  15/15      EV: 14    Int: 22    God:
Gold:   136        SH:  0    Dex: 15    Spells: 9/15 levels left

rFire   . . .      SeeInvis .   l - +2 short sword (protect)
rCold   . . .      Faith    .   (no shield)
rNeg    . . .      Spirit   .   b - +0 robe
rPois   +          Reflect  .   (no helmet)
rElec   .          Harm     .   (no cloak)
rCorr   .          Rampage  .   t - +0 pair of gloves
Will    .....                   p - +0 pair of boots
Stlth   ++........              (no amulet)
HPRegen 0.10/turn               k - +4 ring of protection
MPRegen 0.14/turn               (no ring)

@: mighty, lethally poisoned (0 -> -3)
A: mutation resistance 1, poison resistance, inability to read while threatened
a: no special abilities


You were on level 4 of the Dungeon.
You visited 1 branch of the dungeon, and saw 4 of its levels.

You collected 136 gold pieces.

Inventory:

Hand Weapons
 e - a +1 vorpal mace
 l - a +2 short sword of protection (weapon)
Missiles
 c - 21 stones
 h - 4 javelins
 m - 2 poisoned darts (quivered)
Armour
 b - a +0 robe (worn)
 p - a +0 pair of boots (worn)
 t - a +0 pair of gloves (worn)
Jewellery
 k - a +4 ring of protection (left hand)
Wands
 i - a wand of flame (19)
 o - a wand of iceblast (30)
Scrolls
 a - 4 scrolls of teleportation
 g - a scroll of summoning
 q - a scroll of immolation {unknown}
 r - a scroll of blinking {unknown}
 s - a scroll of enchant weapon {unknown}
 u - a scroll of brand weapon {unknown}
 w - a scroll of fog {unknown}
 x - a scroll of noise {unknown}
Potions
 j - a potion of flight


   Skills:
 + Level 4.6 Dodging
 - Level 2.4 Stealth
 + Level 5.1 Spellcasting
 + Level 2.5 Conjurations
 - Level 1.1 Transmutations
 + Level 4.8 Earth Magic


You had 9 spell levels left.
You knew the following spells:

 Your Spells              Type           Power      Damage    Failure   Level
a - Sandblast             Erth           52%        2d12      1%          1
b - Stone Arrow           Conj/Erth      42%        3d9       7%          3
c - Passwall              Tmut/Erth      15%        N/A       4%          2

Your spell library contained the following spells:

 Spells                   Type           Power      Damage    Failure   Level
 Freeze                   Ice            20%        1d4       10%         1
 Frozen Ramparts          Ice            10%        1d3       30%         3
 Petrify                  Tmut/Erth      18%        N/A       30%         4
 Hailstorm                Conj/Ice       11%        3d5       52%         4


Dungeon Overview and Level Annotations

Branches:
Dungeon (4/15)
 Temple: D:4-7

Altars:
Dithmenos

Shops:
D:2 ?*=(

Annotations:
D:3 Robin, Sigmund


Innate Abilities, Weirdness & Mutations

You are somewhat resistant to further mutation.
Your system is resistant to poisons. (rPois)
You sometimes lose the ability to read scrolls when taking damage.


Message History

You barely miss the kobold.
You feel very sick. The kobold hits you but does no damage.
You are more poisoned.
The kobold hits you but does no damage.
You are lethally poisoned!
You hit the kobold.
Your weapon exudes an aura of protection.
You kill the kobold!
You feel extremely sick.
There is a lethal amount of poison in your body!
There is a lethal amount of poison in your body!
There is a lethal amount of poison in your body!
You feel very sick.
You feel very sick.
* * * LOW HITPOINT WARNING * * *
You feel very sick.
* * * LOW HITPOINT WARNING * * *
You feel sick.
It was a potion of haste.
You feel yourself speed up.
* * * LOW HITPOINT WARNING * * *
You feel sick.
It was a potion of cancellation.
Your magical effects are unravelling.
You feel magically purged.
You feel yourself slow down.
* * * LOW HITPOINT WARNING * * *
You feel sick.
It was a potion of might.
You feel very mighty all of a sudden.
* * * LOW HITPOINT WARNING * * *
You feel sick.
It was a potion of mutation.
You feel extremely strange.
You lose the ability to read scrolls when threatened.
You feel resistant to poisons.
You feel genetically stable.
* * * LOW HITPOINT WARNING * * *
You feel sick.
Okay, then.
Okay, then.
You die...

#...# #..........# ##.##
##########.## #.# #... #.#
#### #.# #.# #.# #.#
##########.# #.#
#....@.)...# #.#
#..#########O># ####
#.#####..###### #..#####...
#.............####..........
#..####........ ....#####...
#..# #.#.##... ...# #...
##..# #.#.##.## #..#####...
#...# ..#.##.#####..........
#.#.# ..............########


There were no monsters in sight!

Vanquished Creatures
  A water moccasin skeleton (D:4)
  Natasha (thrice) (D:3)
  Terence (D:2)
  2 hound skeletons (D:4)
  3 adders
  A shadow imp (D:4)
  A worm (D:2)
  2 dart slugs (D:1)
  An orc (D:4)
  9 ball pythons
  8 endoplasms
  2 giant cockroaches (D:1)
  4 hobgoblins
  7 jackals
  5 kobolds
  6 quokkas
  4 frilled lizards
  13 goblins
  8 rats
81 creatures vanquished.

Notes
Turn   | Place    | Note
-------+----------+-------------------------------------------
     0 | D:1      | Mesmaeker13 the Deep Elf Earth Elementalist began the quest
                  | for the Orb.
     0 | D:1      | Reached XP level 1. HP: 10/10 MP: 6/6
   163 | D:1      | Reached XP level 2. HP: 15/15 MP: 6/8
   967 | D:1      | Reached XP level 3. HP: 19/19 MP: 10/10
   971 | D:1      | Learned a level 3 spell: Stone Arrow
  1438 | D:2      | Found Zobeb's Magic Scroll Boutique.
  1506 | D:2      | Found a faded altar of an unknown god.
  1509 | D:2      | Found Neafyke's Assorted Antiques.
  1810 | D:2      | Reached skill level 4 in Spellcasting
  1894 | D:2      | Reached XP level 4. HP: 21/24 MP: 12/12
  1958 | D:2      | Reached skill level 1 in Conjurations
  2107 | D:2      | Found Mynugg's Jewellery Shoppe.
  2211 | D:2      | Found a shadowy altar of Dithmenos.
  2224 | D:2      | Noticed Terence
  2232 | D:2      | Killed Terence
  2352 | D:2      | Found Nafadaost's Weapon Boutique.
  2479 | D:3      | Noticed Natasha
  2595 | D:3      | Killed Natasha
  2651 | D:3      | Reached XP level 5. HP: 28/28 MP: 13/13
  2654 | D:3      | Noticed Robin
  2789 | D:3      | Noticed Natasha
  2977 | D:3      | Killed Natasha
  3029 | D:3      | Noticed Natasha
  3033 | D:3      | Killed Natasha
  3154 | D:3      | Noticed Sigmund
  3186 | D:4      | Reached skill level 5 in Spellcasting
  3221 | D:4      | Noticed an ogre
  3392 | D:4      | Learned a level 2 spell: Passwall
  3483 | D:4      | Reached XP level 6. HP: 28/32 MP: 15/15
  4036 | D:4      | Gained mutation: You sometimes lose the ability to read
                  | scrolls when taking damage. [potion of mutation]
  4036 | D:4      | Gained mutation: Your system is resistant to poisons.
                  | (rPois) [potion of mutation]
  4036 | D:4      | Gained mutation: You are somewhat resistant to further
                  | mutation. [potion of mutation]
  4036 | D:4      | HP: 1/32 [poisoned by a kobold]
  4037 | D:4      | Succumbed to a kobold's poison

Illustrated notes

Levels and vault maps discovered:
D:1:      wander_arrival_lonely_grave, layout_loops_ring
D:2:      layout_rooms, basic_altar, serial_shops,
          nicolae_shop_temple_entry_statues_fountains, shop, shop,
          nicolae_lakefront_shop, basic_ecumenical_altar,
          wander_ebering_terrifying_dragon_lair, uniq_terence
D:3:      layout_rooms, uniq_sigmund, uniq_natasha, uniq_robin, uniq_grinder
D:4:      layout_loops_ring, slow_altar_2, dk_vineyard_1, minmay_goblin_outpost

Skill      XL: |  1  2  3  4  5 |
---------------+----------------+-----
Dodging        | 3 4 |  4.6
Spellcasting   | 4 5 |  5.1
Earth Magic    | 4 |  4.8
Conjurations   | 1 2 |  2.5
Stealth        | |  2.4
Transmutations | |  1.1

Action                   |  1- 3 |  4- 6 || total
-------------------------+-------+-------++-------
Melee: Unarmed           |     5 |       ||     5
       Mace              |    71 |    23 ||    94
       Club              |     9 |       ||     9
       Punch             |     2 |       ||     2
       Short sword       |       |    76 ||    76
Throw: Dart              |     3 |     4 ||     7
       Javelin           |     1 |       ||     1
 Cast: Sandblast         |    24 |     7 ||    31
       Stone Arrow       |       |    10 ||    10
  Use: Scroll            |     1 |     2 ||     3
       Potion            |       |     4 ||     4
 Stab: Sleeping          |     5 |     3 ||     8
       Distracted        |       |     1 ||     1
Armor: Robe              |    12 |    40 ||    52
Dodge: Dodged            |    72 |    78 ||   150
